AoeStats
← Jazzmushroom

Four Lakes

508281372Analyzed
1v1 RM · 10d ago on Sep 21, 2026· 38m 15s· 2 players
Game mode
Random Map
Map size
Tiny (2 player)
Population
200
Speed
Normal
Resources
Standard
Victory
Conquest
Starting age
Dark Age
Ending age
Imperial Age
RankedLock teamsTeams togetherTeam positionsShared explorationLock speedFull tech treeHidden civsTurbo modeCheats
Victory
Defeat
🇺🇸 Dravidians · United States
1440
+14
🇩🇪 Malians · Germany
1404
-14
Agevenger
6:41 Loom
9:41 Feudal Age
9:50 Man-at-Arms
16:08 Fletching
22:06 Castle Age
22:54 Bodkin Arrow
23:18 Crossbowman
Jazzmushroom
7:51 Loom
11:30 Feudal Age
13:35 Double-Bit Axe
16:52 Fishing Lines
20:36 Castle Age
20:39 Fletching
21:49 Town Watch
22:40 Wheelbarrow
22:34 Bodkin Arrow
23:32 Bow Saw
24:38 Hand Cart
25:07 Padded Archer Armor
25:12 Gillnets
Connection lost

Rejoining the realm…

Still unreachable

The connection could not be restored.

Session expired

The server has moved on; the page needs a fresh start.